 Dungeon Crawl Stone Soup version 0.23-a0-577-g2b1de94 (webtiles) character file.

10754 Lanoc the Slicer (level 11, -6/79 HPs)
             Began as a Halfling Chaos Knight on Dec 15, 2018.
             Was a Plaything of Xom.
             Hit by a poisoned javelin thrown by a minotaur (10 damage)
             ... in a Gauntlet.
             The game lasted 00:44:07 (8051 turns).

Lanoc the Slicer (Halfling Chaos Knight)            Turns: 8051, Time: 00:44:07

Health: -6/79      AC: 16    Str: 22    XL:     11   Next: 98%
Magic:  10/12      EV: 29    Int: 14    God:    Xom [....*.]
Gold:   748        SH:  0    Dex: 26    Spells: 10/10 levels left

rFire    + . .     SeeInvis .   M - +0 hunting sling
rCold    + + .     Gourm    .   (shield restricted)
rNeg     . . .     Faith    .   b - +3 leather armour
rPois    .         Spirit   .   f - +1 helmet "Pasyar" {rF- rC+ rCorr Str+4}
rElec    .         Reflect  .   J - +0 cloak
rCorr    +         Harm     .   (no gloves)
MR       .....     Clarity  +   (no boots) Stlth +++.......NoTele +
                                I - amulet of the acrobat
HPRegen  0.23/turn              F - ring of protection from cold
MPRegen  0.13/turn              C - +2 ring of strength

@: agile, lethally poisoned (-6 -> -29)
A: small, talons 2, rugged brown scales 1, slimy green scales 1, yellow scales
1, agile 2, blink, clarity, clever 2, fire resistance 2, high mp 1, mutation
resistance 1, strong 1, wild magic 1, MP-powered wands
a: Blink, Renounce Religion


You were in a Gauntlet.
You worshipped Xom.
You were a beloved toy of Xom.
You were not hungry.

You visited 2 branches of the dungeon, and saw 12 of its levels.
You also visited: Ossuary and Gauntlet.

You collected 748 gold pieces.

Inventory:

Hand Weapons
 a - a +0 short sword of chaos
 j - a +2 short sword of venom
 o - a +0 dagger of protection
 M - a +0 hunting sling (weapon)
Missiles
 g - 243 stones
 q - 54 sling bullets (quivered)
 P - 3 curare-tipped needles
Armour
 b - a +3 leather armour (worn)
 f - the +1 helmet "Pasyar" (worn) {rF- rC+ rCorr Str+4}
   (You found it in a Gauntlet)

   It affects your strength (+4).
   It makes you vulnerable to fire.
   It protects you from cold.
   It provides partial protection from all sources of acid and corrosion.
 J - a +0 cloak (worn)
 K - the +0 buckler "Xacuogg" {+Inv rF++}
   (You found it on level 8 of the Dungeon)

   It greatly protects you from fire.
   It lets you turn invisible.
Jewellery
 C - a +2 ring of strength (right hand)
 F - a ring of protection from cold (left hand)
 I - an amulet of the acrobat (around neck)
Wands
 y - a wand of enslavement (10)
 A - a wand of iceblast (17)
 D - a wand of random effects (13)
 G - a wand of digging (4)
Scrolls
 d - 7 scrolls of teleportation
 h - 2 scrolls of fog
 i - 6 scrolls of remove curse
 k - 3 scrolls of amnesia
 r - 2 scrolls of magic mapping
 t - 2 scrolls of immolation
 v - a scroll of vulnerability
 w - a scroll of noise {unknown}
 B - 3 scrolls of enchant armour
 L - a scroll of enchant weapon {unknown}
 N - a scroll of fear {unknown}
Potions
 l - 3 potions of brilliance
 s - 2 potions of flight
 u - 2 potions of mutation
 x - a potion of magic
Comestibles
 c - 17 rations


   Skills:
 + Level 7.9 Fighting
 + Level 13.0 Short Blades
 * Level 5.5 Slings
 + Level 9.2 Armour
 + Level 8.9 Dodging


You had 10 spell levels left.
You didn't know any spells.
Your spell library contained the following spells:

 Spells                   Type           Power        Failure   Level  Hunger
 Beastly Appendage        Tmut           #.....       41%         1    ##.....
 Corona                   Hex            #......      41%         1    ##.....
 Magic Dart               Conj           #...         41%         1    ##.....
 Sandblast                Erth           #.....       41%         1    ##.....
 Shock                    Conj/Air       #...         41%         1    ##.....
 Blink                    Tloc           N/A          52%         2    ###....
 Call Imp                 Summ           #.......     52%         2    ###....
 Ensorcelled Hibernation  Hex/Ice        #.....       52%         2    ###....
 Passwall                 Tmut/Erth      #.......     52%         2    ###....
 Slow                     Hex            #.......     52%         2    ###....
 Sticks to Snakes         Tmut           #.......     52%         2    ###....
 Swiftness                Chrm/Air       #.......     52%         2    ###....
 Confuse                  Hex            #.......     75%         3    ####...
 Conjure Flame            Conj/Fire      #.......     75%         3    ####...
 Dazzling Spray           Conj/Hex       #.....       75%         3    ####...
 Mephitic Cloud           Conj/Pois/Air  #.......     75%         3    ####...
 Spider Form              Tmut/Pois      #.........   75%         3    ####...
 Static Discharge         Conj/Air       #.......     75%         3    ####...
 Stone Arrow              Conj/Erth      #.....       75%         3    ####...
 Tukima's Dance           Hex            #.......     75%         3    ####...
 Airstrike                Air            #.........   98%         4    #####..
 Ice Form                 Ice/Tmut       #.......     98%         4    #####..
 Petrify                  Tmut/Erth      #.......     98%         4    #####..
 Blade Hands              Tmut           #.........   100%        5    ######.
 Lee's Rapid Deconstruct  Erth           #.........   100%        5    ######.
 Lightning Bolt           Conj/Air       #.........   100%        5    ######.


Dungeon Overview and Level Annotations

Branches:
Dungeon (10/15)              Lair (2/6) D:10          Swamp (0/4) Lair:2
 Temple: D:4-7        Snake: Lair:2-4    Spider: Lair:2-4       Orc: D:9-12

Altars:
Ashenzari
Cheibriados
Gozag
Kikubaaqudgha
Makhleb
Qazlal
Ru
Wu Jian
Xom
Zin
The Shining One

Shops:
D:9 [:**   D:10 ?

Annotations:
Lair:1 Harold Gauntlet 6 transporters


Innate Abilities, Weirdness & Mutations

You are small and have problems with some larger weapons.
You are somewhat resistant to further mutation.
You have razor-sharp toenails.
You are partially covered in rugged brown scales. (AC +1, +3% HP)
You are partially covered in slimy green scales. (AC +2)
You are partially covered in yellow scales. (AC +2)
You are very agile. (Dex +4)
You can translocate small distances at will.
You possess an exceptional clarity of mind.
Your mind is very acute. (Int +4)
Your flesh is very heat resistant. (rF++)
You have an increased reservoir of magic. (+10% MP)
Your muscles are strong. (Str +2)
Your spells are a little harder to cast, but a little more powerful.
You expend magic power (3 MP) to strengthen your wands.


Message History

A door slams shut!
You feel sick.
You feel sick.
You see here 2 sling bullets.
You feel sick.
The minotaur throws a poisoned javelin.
The poisoned javelin hits you!
* * * LOW HITPOINT WARNING * * *
You are lethally poisoned!
Things that are here:
a poisoned javelin; a sling bullet
* * * LOW HITPOINT WARNING * * *
You feel very sick.
The minotaur throws a poisoned javelin.
The poisoned javelin misses you.
You see here a sling bullet.
As you open the door, it creaks loudly!
* * * LOW HITPOINT WARNING * * *
You feel sick.
The minotaur throws a poisoned javelin.
The poisoned javelin hits you!
You die...
Xom chuckles heartily!

#.............................#
#8............8⌠8............8#
###############################
#(©.(...........©.#
#.................#
###H#.#######.#.### #(#....#
...#.# #H#(##(#.##.#.#
#...((@(...... #.#..##'##..#.
#.#.(# .8# #....# ..# ###8.#
.8# ####∆.[# .8# ∆.:#


You could see a minotaur.

Vanquished Creatures
  2 two-headed ogres
  A smoke demon (Gauntlet)
  A spiny frog (Lair:2)
  A red devil (Gauntlet)
  A hellwing (Gauntlet)
  3 meliai (Gauntlet)
  A troll (D:10)
  2 hornets (D:8)
  Grinder (D:4)
  3 hippogriffs
  A shadow (D:9)
  9 yaks
  2 wyverns
  A basilisk (Lair:1)
  A hungry ghost (D:10)
  Edmund (D:6)
  A soldier ant (D:8)
  A naga (D:10)
  Duvessa (D:4)
  An orc warrior (D:10)
  A sky beast (D:9)
  An ice beast (D:7)
  An eye of draining (D:9)
  3 wolves (Lair:1)
  3 centaurs
  A tengu (Lair:1)
  7 ogres
  A big kobold (D:7)
  Blork the orc (D:5)
  6 bullfrogs
  A wyvern zombie (D:10)
  A gnoll sergeant (D:8)
  Dowan (D:4)
  2 scorpions
  A wight (D:10)
  2 howler monkeys (D:8)
  3 centaur zombies
  5 bullfrog zombies
  4 crimson imps
  A human zombie (Ossuary)
  3 orc priests
  A bullfrog skeleton (D:5)
  2 centaur skeletons
  5 hounds
  A jelly (D:8)
  5 orc wizards
  Crazy Yiuf (D:7)
  5 iguanas
  3 worker ants
  A killer bee zombie (D:5)
  A hound zombie (D:10)
  2 hound skeletons
  6 mummies
  2 worker ant zombies
  15 adders
  7 gnolls
  2 shadow imps
  2 adder skeletons
  3 adder zombies
  4 worms
  2 dart slugs
  3 leopard geckos
  28 orcs
  2 ball pythons
  5 giant cockroaches
  2 gnoll zombies (Ossuary)
  7 goblins
  12 hobgoblins
  7 jackals
  6 kobolds
  2 quokkas
  8 bats
  6 frilled lizards
  2 hobgoblin zombies (Ossuary)
  A jackal zombie (D:5)
  A kobold zombie (Ossuary)
  A leopard gecko skeleton (D:9)
  An orc zombie (Ossuary)
  3 quokka skeletons
  A rat (shapeshifter) (D:10)
  11 rats
263 creatures vanquished.

Vanquished Creatures (collateral kills)
  A hellwing (Gauntlet)
  A jelly (D:5)
2 creatures vanquished.

Vanquished Creatures (others)
  A giant cockroach (D:6)
  A fungus (Lair:1)
2 creatures vanquished.

Grand Total: 267 creatures vanquished

Notes
Turn   | Place    | Note
-------+----------+-------------------------------------------
     0 | D:1      | Lanoc the Halfling Chaos Knight began the quest for the
                  | Orb.
     0 | D:1      | Reached XP level 1. HP: 15/15 MP: 1/1
    56 | D:1      | Reached XP level 2. HP: 17/20 MP: 2/2
    56 | D:1      | XOM: harmless Summ miscast
    70 | D:1      | Reached skill level 4 in Short Blades
   116 | D:1      | XOM: divination: magic mapping
   166 | D:1      | Reached XP level 3. HP: 19/25 MP: 3/3
   240 | D:2      | XOM: divination: detect items
   352 | D:2      | XOM: divination: magic mapping
   393 | D:2      | Found a stormy altar of Qazlal.
   394 | D:2      | Found a sacrificial altar of Ru.
   448 | D:2      | Found an opulent altar of Gozag.
   624 | D:2      | Reached XP level 4. HP: 31/31 MP: 4/4
   633 | D:2      | XOM: cloud trail
   711 | D:2      | XOM: give mutations
   711 | D:2      | Gained mutation: Your mind is acute. (Int +2) [Xom's grace]
   711 | D:2      | Gained mutation: You are partially covered in slimy green
                  | scales. (AC +2) [Xom's grace]
   711 | D:2      | Gained mutation: You have sharp toenails. [Xom's grace]
   895 | D:3      | Found a shattered altar of Ashenzari.
  1121 | D:3      | Reached XP level 5. HP: 29/36 MP: 5/5
  1127 | D:3      | Reached skill level 5 in Short Blades
  1446 | D:3      | Found a glowing golden altar of the Shining One.
  1516 | D:3      | XOM is BORED!
  1516 | D:3      | XOM: confusion (+ monsters)
  1525 | D:3      | XOM: harmless Tloc miscast
  1550 | D:4      | Noticed a bullfrog
  1552 | D:4      | Noticed Grinder
  1601 | D:4      | Reached XP level 6. HP: 37/42 MP: 6/6
  1612 | D:4      | Noticed Duvessa
  1618 | D:4      | XOM: summons 3 friendly demons
  1619 | D:4      | Noticed Dowan
  1634 | D:4      | Killed Duvessa
  1637 | D:4      | Killed Dowan
  1637 | D:4      | Reached skill level 6 in Short Blades
  1665 | D:4      | XOM: scenery: create altars
  1668 | D:4      | XOM: confuse monster(s)
  1684 | D:4      | Found a sand-covered staircase.
  1688 | D:4      | Reached XP level 7. HP: 30/47 MP: 7/7
  1694 | Ossuary  | Entered an ossuary
  1703 | Ossuary  | XOM: god gift: 21 gold pieces
  2233 | D:4      | XOM: polymorph iguana -> gnoll
  2255 | D:4      | Paralysed by Grinder for 5 turns
  2260 | D:4      | XOM: cleaving
  2265 | D:4      | Killed Grinder
  2265 | D:4      | Reached skill level 7 in Short Blades
  2265 | D:4      | Reached XP level 8. HP: 36/54 MP: 8/8
  2338 | D:4      | XOM: scenery: create altars
  2387 | D:4      | XOM: god gift: 57 gold pieces
  2517 | D:5      | Entered Level 5 of the Dungeon
  2517 | D:5      | Found a burning altar of Makhleb.
  2599 | D:5      | XOM: enchant monster (good)
  2702 | D:5      | Found a glowing golden altar of the Shining One.
  2711 | D:5      | XOM: fog
  2741 | D:5      | XOM: god gift: oblong metal-bound book {god gift}
  2746 | D:5      | XOM: give mutation
  2746 | D:5      | Gained mutation: Your mind is very acute. (Int +4) [Xom's
                  | grace]
  2773 | D:5      | XOM: snakes to sticks
  2776 | D:5      | Reached skill level 8 in Short Blades
  2776 | D:5      | Reached skill level 5 in Armour
  2854 | D:5      | Noticed Blork the orc
  2867 | D:5      | Killed Blork the orc
  2868 | D:5      | XOM: 2-stop teleportation journey
  2873 | D:5      | XOM: give mutations
  2873 | D:5      | Gained mutation: Your muscles are strong. (Str +2) [Xom's
                  | grace]
  2873 | D:5      | Gained mutation: You are agile. (Dex +2) [Xom's grace]
  2884 | D:5      | XOM: cloud trail
  2983 | D:6      | Noticed Edmund
  2995 | D:6      | XOM: divine lightning
  2999 | D:6      | Killed Edmund
  3003 | D:6      | Noticed a hippogriff
  3017 | D:6      | Killed a hippogriff
  3017 | D:6      | Reached skill level 5 in Fighting
  3017 | D:6      | Reached skill level 5 in Dodging
  3017 | D:6      | Reached XP level 9. HP: 40/61 MP: 9/9
  3037 | D:6      | XOM: give mutations
  3037 | D:6      | Gained mutation: Your flesh is heat resistant. (rF+) [Xom's
                  | grace]
  3037 | D:6      | Gained mutation: You are very agile. (Dex +4) [Xom's grace]
  3037 | D:6      | Gained mutation: You possess an exceptional clarity of
                  | mind. [Xom's grace]
  3037 | D:6      | Gained mutation: Your spells are a little harder to cast,
                  | but a little more powerful. [Xom's grace]
  3104 | D:6      | Reached skill level 9 in Short Blades
  3151 | D:6      | XOM: swap monsters
  3164 | D:6      | XOM: blink monster(s)
  3172 | D:6      | XOM: severe Erth miscast
  3395 | D:7      | XOM: give mutations
  3395 | D:7      | Gained mutation: You are partially covered in rugged brown
                  | scales. (AC +1, +3% HP) [Xom's grace]
  3395 | D:7      | Gained mutation: You are partially covered in yellow
                  | scales. (AC +2) [Xom's grace]
  3454 | D:7      | XOM: god gift: 48 gold pieces
  3461 | D:7      | Found a runed door.
  3779 | D:7      | Noticed Crazy Yiuf
  3786 | D:7      | Killed Crazy Yiuf
  3806 | D:7      | XOM: give mutations
  3806 | D:7      | Gained mutation: Your flesh is very heat resistant. (rF++)
                  | [Xom's grace]
  3806 | D:7      | Gained mutation: You have an increased reservoir of magic.
                  | (+10% MP) [Xom's grace]
  3896 | D:8      | Got a warped buckler
  3902 | D:8      | Identified the +0 buckler "Xacuogg" {+Inv rF++} (You found
                  | it on level 8 of the Dungeon)
  3973 | D:8      | Found an ancient bone altar of Kikubaaqudgha.
  3973 | D:8      | XOM: 1-stop teleportation journey
  4135 | D:8      | XOM: scenery: create altars
  4171 | D:8      | XOM: god gift: scroll labeled FASUB GAUTIOLOT {god gift}
  4175 | D:8      | XOM: divination: detect creatures
  4178 | D:8      | XOM: enchant monster (good)
  4192 | D:8      | XOM: confuse monster(s)
  4248 | D:8      | Noticed a hippogriff
  4258 | D:8      | XOM: silly message
  4265 | D:8      | Killed a hippogriff
  4265 | D:8      | Reached skill level 10 in Short Blades
  4284 | D:8      | Found a snail-covered altar of Cheibriados.
  4311 | D:8      | Noticed a hornet
  4314 | D:8      | Noticed a hornet
  4317 | D:8      | XOM: cast spell 'Summon Ice Beast'
  4350 | D:8      | Killed a hornet
  4353 | D:8      | Reached XP level 10. HP: 44/70 MP: 11/11
  4401 | D:8      | Paralysed by something for 3 turns
  4674 | D:8      | XOM: medium Chrm miscast
  4730 | D:8      | XOM: god gift: 43 gold pieces
  4827 | D:9      | Noticed a two-headed ogre
  4829 | D:9      | Found Huruzis's Antique Armour Shoppe.
  4840 | D:9      | XOM: enchant monster (good)
  4841 | D:9      | Killed a two-headed ogre
  4841 | D:9      | Reached skill level 11 in Short Blades
  4853 | D:9      | XOM: destruction
  4873 | D:9      | XOM: scenery: create altars
  4945 | D:9      | XOM: potion effect (might)
  4956 | D:9      | XOM: noise
  4964 | D:9      | XOM: confuse monster(s)
  4969 | D:9      | XOM: swap monsters
  5062 | D:9      | XOM: enchant monster (bad)
  5123 | D:9      | Found an ornate altar of the Wu Jian Council.
  5125 | D:9      | XOM: smoke on damage
  5199 | D:9      | Found Hegyque's Book Shop.
  5207 | D:9      | Found Tues's Assorted Antiques.
  5251 | D:9      | Found Zin's Purification Station.
  5252 | D:9      | Found a glowing silver altar of Zin.
  5359 | D:9      | XOM: chaos upgrade
  5432 | D:9      | XOM: harmless Erth miscast
  5433 | D:9      | XOM: enchant monster (bad)
  5438 | D:9      | Reached skill level 12 in Short Blades
  5459 | D:9      | XOM: blink monster(s)
  5460 | D:9      | Reached XP level 11. HP: 52/76 MP: 1/12
  5466 | D:9      | XOM: summons 1 hostile demon
  5542 | D:9      | XOM: enchant monster (bad)
  5590 | D:9      | Noticed a two-headed ogre
  5590 | D:9      | XOM: harmless Necr miscast
  5600 | D:9      | XOM: chaos upgrade
  5602 | D:9      | XOM: mild Necr miscast
  5605 | D:9      | Noticed an orb spider
  5696 | D:9      | XOM: fog
  5699 | D:9      | Noticed an orb spider
  5699 | D:9      | a wind drake changed into an orb spider
  5722 | D:9      | Noticed a fire crab
  5722 | D:9      | an orb spider changed into a fire crab
  5722 | D:9      | XOM: polymorph orb spider -> fire crab
  5725 | D:10     | Entered Level 10 of the Dungeon
  5805 | D:10     | XOM: silly message
  5865 | D:10     | Found Qeoteg's Magic Scroll Emporium.
  5904 | D:10     | Noticed a two-headed ogre
  6436 | D:10     | XOM: 4-stop teleportation journey
  6455 | D:10     | XOM: fog
  6462 | D:10     | Reached skill level 1 in Slings
  6485 | D:10     | Found a staircase to the Lair.
  6564 | D:10     | XOM: god gift: wand of iceblast (9)
  6604 | D:10     | XOM: potion effect (invisibility)
  6653 | D:10     | Killed a two-headed ogre
  6744 | D:10     | Paralysed by a hornet for 1 turns
  6952 | D:10     | XOM: give mutations
  6952 | D:10     | Gained mutation: You can translocate small distances at
                  | will. [Xom's grace]
  6952 | D:10     | Gained mutation: You have razor-sharp toenails. [Xom's
                  | grace]
  6952 | D:10     | Gained mutation: You expend magic power (3 MP) to
                  | strengthen your wands. [Xom's grace]
  7053 | D:10     | XOM: divination: magic mapping
  7054 | Lair:1   | Entered Level 1 of the Lair of Beasts
  7090 | Lair:1   | XOM: potion effect (agility)
  7094 | Lair:1   | XOM: confuse monster(s)
  7107 | Lair:1   | Noticed a seven-headed hydra
  7198 | Lair:1   | XOM: divination: magic mapping
  7238 | Lair:1   | XOM: 9-stop teleportation journey
  7262 | Lair:1   | Noticed Harold
  7267 | Lair:1   | You fall through a shaft!
  7299 | Lair:2   | XOM: summons 11 friendly demons
  7361 | Lair:2   | Found a gate leading to a gauntlet.
  7367 | Gauntlet | Entered a Gauntlet
  7367 | Gauntlet | Found a transporter.
  7367 | Gauntlet | Found a transporter.
  7382 | Gauntlet | Found a transporter.
  7386 | Gauntlet | Found a transporter.
  7395 | Gauntlet | Noticed a reaper
  7397 | Gauntlet | Found a transporter.
  7401 | Gauntlet | Found a transporter.
  7411 | Gauntlet | Found a transporter.
  7432 | Gauntlet | Found a transporter.
  7449 | Gauntlet | Found a transporter.
  7453 | Gauntlet | Found a transporter.
  7457 | Gauntlet | Noticed a glowing orange brain
  7461 | Gauntlet | Noticed a green ugly thing
  7463 | Gauntlet | Found a transporter.
  7467 | Gauntlet | Found a transporter.
  7468 | Gauntlet | Noticed a fire crab
  7572 | Gauntlet | XOM: noise
  7631 | Gauntlet | XOM: cast spell 'Chain of Chaos'
  7649 | Gauntlet | XOM: scenery: create altars
  7925 | Gauntlet | XOM: summons 6 friendly demons
  7930 | Gauntlet | XOM: enchant monster (good)
  7940 | Gauntlet | Reached skill level 5 in Slings
  7962 | Gauntlet | XOM: cast spell 'Summon Ice Beast'
  7965 | Gauntlet | Reached skill level 13 in Short Blades
  7977 | Gauntlet | Got an encrusted helmet
  7983 | Gauntlet | Identified the +1 helmet "Pasyar" {rF- rC+ rCorr Str+4}
                  | (You found it in a Gauntlet)
  8009 | Gauntlet | Noticed a minotaur
  8010 | Gauntlet | XOM: confuse monster(s)
  8017 | Gauntlet | XOM: enchant monster (good)
  8045 | Gauntlet | XOM: divination: detect items
  8046 | Gauntlet | XOM: scenery: 1 doors close
  8051 | Gauntlet | Hit by a poisoned javelin thrown by a minotaur

Vault maps used:
D:1:      psy_arrival_fountain
D:2:      chequers_temple_overflow_statue_of_worship,
          nicolae_gozag_cash_rules_everything_around_me, first_ration,
          fountainhead
D:3:      tso_altar, evilmike_ruin_ashenzari
D:4:      enter_ossuary_2, kennysheep_generic_room_8, uniq_grinder, uniq_duvessa
D:5:      makhleb_heckhound_becter, lemuel_statue_altar, uniq_blork_the_orc
D:6:      minmay_temple_entry_oklob, uniq_edmund
D:7:      minmay_misc_feat_cross, uniq_crazy_yiuf_cottage
D:8:      slow_altar_1, kiku_gazebo_garden_becter, hangedman_pestilent_swarm,
          minmay_misc_feat_rugged
D:9:      overflow_temple_1_default, zin_purify, serial_shops,
          nicolae_shop_trees, nicolae_shop_trees, nicolae_shop_behind_doors,
          kennysheep_little_box, minmay_misc_feat_columns, minmay_pinched_square
D:10:     lair_entry_dummy, serial_undead, serial_undead_b, serial_undead_d,
          serial_undead_a, serial_undead_a, serial_undead_f, serial_shops, shop
Lair:1:   infiniplex_staircase_pool, grunt_megastairs_1, lemuel_fruit_fields,
          uniq_harold
Lair:2:   minmay_swamp_entry_swarm, gauntlet_entry_generic,
          serial_bayou_shore_a, grunt_megastairs_2
Ossuary:  ossuary_crypta
Gauntlet: gammafunk_gauntlet_hard_choice

Skill      XL: |  1  2  3  4  5  6  7  8  9 10 11 |
---------------+----------------------------------+-----
Short Blades   | 4 5 6 7 8 10 12 13 | 13.0
Fighting       | 3 4 5 6 7 |  7.9
Dodging        | 2 3 4 5 6 7 8 |  8.9
Armour         | 3 4 5 6 7 9 |  9.2
Slings         | 5 |  5.5

Action                   |  1- 3 |  4- 6 |  7- 9 | 10-12 || total
-------------------------+-------+-------+-------+-------++-------
Melee: Short sword       |    98 |   146 |   376 |   491 ||  1111
       Kick              |       |    36 |   153 |   224 ||   413
 Fire: Hunting sling     |       |       |       |    39 ||    39
Throw: Stone             |       |       |     6 |       ||     6
       Tomahawk          |       |       |     3 |       ||     3
Evoke: Wand              |       |       |     1 |     1 ||     2
  Use: Scroll            |       |     3 |    15 |     6 ||    24
       Potion            |       |       |     4 |    17 ||    21
 Stab: Paralysed         |     1 |     2 |       |     4 ||     7
       Petrified         |     1 |       |       |     1 ||     2
       Sleeping          |       |     1 |     2 |     1 ||     4
       Confused          |       |     1 |     8 |     5 ||    14
       Petrifying        |       |       |     1 |     3 ||     4
       Invisible         |       |       |       |     5 ||     5
       Distracted        |       |       |       |     1 ||     1
  Eat: Chunk             |       |     3 |     8 |    11 ||    22
       Ration            |       |       |       |     1 ||     1
Armor: Leather armour    |    24 |    25 |    51 |    64 ||   164
       Skin              |       |       |       |    25 ||    25
Dodge: Dodged            |    45 |    97 |   216 |   357 ||   715

Table legend:
 A = Non-vault XP
 B = Vault XP
 C = Vault XP percentage of total XP
 D = Non-vault monster count
 E = Vault monster count
 F = Vault count percentage of total count
                 A         B        C        D         E       F
            +---------+---------+-------+---------+---------+-------
      Total |   11104 |    4260 |  27.7 |     219 |      46 |  17.4
            +---------+---------+-------+---------+---------+-------
        D:1 |      33 |       0 |   0.0 |      18 |       0 |   0.0
        D:2 |      39 |       0 |   0.0 |      17 |       0 |   0.0
        D:3 |     117 |       0 |   0.0 |      31 |       0 |   0.0
        D:4 |     315 |     420 |  57.1 |      21 |       3 |  12.5
        D:5 |     581 |     136 |  19.0 |      22 |       2 |   8.3
        D:6 |     354 |      58 |  14.1 |      10 |       1 |   9.1
        D:7 |     363 |      39 |   9.7 |       8 |       1 |  11.1
        D:8 |     945 |     734 |  43.7 |      22 |       5 |  18.5
        D:9 |    4258 |      41 |   1.0 |      36 |       4 |  10.0
       D:10 |    2564 |     384 |  13.0 |      26 |       9 |  25.7
     Lair:1 |    1135 |       0 |   0.0 |       7 |       0 |   0.0
     Lair:2 |     400 |       0 |   0.0 |       1 |       0 |   0.0
    Ossuary |       0 |     156 | 100.0 |       0 |      11 | 100.0
   Gauntlet |       0 |    2292 | 100.0 |       0 |      10 | 100.0
            +---------+---------+-------+---------+---------+-------
